 Dungeon Sprint DCSS version 0.27-a0-1196-g3e9cee4cb2 (webtiles) character file.

Game seed: 3072973315124566922

984 mhtbhm the Geomancer (level 8, -2/44 HPs)
             Began as a Gargoyle Earth Elementalist on May 28, 2021.
             Was a Believer of Vehumet.
             Shot with an arrow by a centaur warrior (11 damage)
             ... in the Dungeon (Sprint IX: "|||||||||||||||||||||||||||||").
             The game lasted 00:02:10 (935 turns).

mhtbhm the Geomancer (Gargoyle Earth Elementalist)   Turns: 935, Time: 00:02:10

Health: -2/44      AC:  9    Str: 12    XL:     8   Next: 18%
Magic:  6/21       EV: 17    Int: 18    God:    Vehumet [**....]
Gold:   0          SH:  0    Dex: 10    Spells: 11/26 levels left

rFire    . . .     SeeInvis .   m - +2 dire flail (protect)
rCold    . . .     Faith    .   (shield currently unavailable)
rNeg     + . .     Spirit   .   c - +0 robe
rPois    ∞         Reflect  .   (no helmet)
rElec    +         Harm     .   l - +0 cloak
rCorr    .         Rampage  .   k - +0 pair of gloves
Will     .....     NoTele   +   (no boots)
Stlth    +++.......             (no amulet)
HPRegen  0.14/turn              n - +2 ring of evasion
MPRegen  0.17/turn              o - +2 ring of evasion

@: no status effects
A: sickness immunity, AC +5, negative energy resistance 1, electricity
resistance, torment resistance 1, petrification resistance
a: Renounce Religion


You were in the Dungeon.
You worshipped Vehumet.
Vehumet was pleased with you.
You visited 1 branch

Inventory:

Hand Weapons
 m - a +2 dire flail of protection (weapon)
Missiles
 b - 9 stones
Armour
 c - a +0 robe (worn)
 k - a +0 pair of gloves (worn)
 l - a +0 cloak (worn)
Jewellery
 n - a +2 ring of evasion (left hand)
 o - a +2 ring of evasion (right hand)
Wands
 j - a wand of acid (5)
Scrolls
 g - 2 scrolls of amnesia
 i - 2 scrolls of blinking
Potions
 a - 2 potions of magic
 d - a potion of invisibility
 e - 2 potions of heal wounds
 f - 4 potions of curing
 h - a potion of berserk rage


   Skills:
 + Level 1.9 Fighting
 + Level 4.8 Dodging
 + Level 5.0 Stealth
 + Level 9.6 Spellcasting
 + Level 1.0 Transmutations
 + Level 14.3 Earth Magic
 + Level 0.4 Evocations


You had 11 spell levels left.
You knew the following spells:

 Your Spells              Type           Power      Damage    Failure   Level
a - Sandblast             Erth           100%       2d20      1%          1
b - Passwall              Tmut/Erth      30%        N/A       1%          2
c - Stone Arrow           Conj/Erth      68%        3d11      1%          3
d - Lee's Rapid Deconstr  Erth           28%        3d16*     1%          5
e - Petrify               Tmut/Erth      36%        N/A       3%          4

Your spell library contained the following spells:

 Spells                   Type           Power      Damage    Failure   Level
 Magic Dart               Conj           32%        1d4       9%          1


Dungeon Overview and Level Annotations

Branches:
Dungeon (1/1)

Altars:
Cheibriados
Dithmenos
Elyvilon
Fedhas
Gozag
Hepliaklqana
Kikubaaqudgha
Makhleb
Nemelex Xobeh
Okawaru
Qazlal
Ru
Sif Muna
Trog
Uskayaw
Vehumet
Wu Jian
Xom
Yredelemnul
Zin
The Shining One
Beogh
Jiyva
Lugonu


Innate Abilities, Weirdness & Mutations

You are immune to sickness and miasma.
Your stone body is resilient. (AC +5)
You are immune to poison.
You resist negative energy. (rN+)
You are resistant to electric shocks. (rElec)
You are resistant to unholy torment.
You are immune to petrification.


Message History

Press: ? - help, Dir - move target An open door.
The stone door frame shatters!
The blast of rock fragments hits the centaur warrior!
The centaur warrior is lightly wounded.
The centaur warrior shoots an arrow.
The arrow misses you.
Unknown command.
Casting: Lee's Rapid Deconstruction (dangerous; 1% risk of failure)
Confirm with . or Enter, or press ? or * to list all spells.
Aiming: Lee's Rapid Deconstruction (dangerous; 1% risk of failure)
Press: ? - help, Dir - move target, f - centaur warrior Fragment what (e.g. wall or brittle monster)?: a centaur warrior, wielding a +0 shortbow and quivering arrows (lightly wounded)
An open door.
The stone door frame shatters!
The blast of rock fragments hits the centaur warrior!!
The centaur warrior is heavily wounded.
The blast of rock fragments hits the wraith!!
The wraith is almost destroyed.
The orc wizard casts a spell at itself.
The orc wizard flickers and vanishes!
Deactivating autopickup; reactivate with Ctrl-A.
The centaur warrior shoots an arrow.
The arrow hits you!!
Unknown command.
Casting: Lee's Rapid Deconstruction (dangerous; 1% risk of failure)
Confirm with . or Enter, or press ? or * to list all spells.
Aiming: Lee's Rapid Deconstruction (dangerous; 1% risk of failure)
Press: ? - help, Dir - move target, f/p - centaur warrior Fragment what (e.g. wall or brittle monster)?: a centaur warrior, wielding a +0 shortbow and quivering arrows (heavily wounded)
An open door.
The stone door frame shatters!
The blast of rock fragments hits the centaur warrior!
The centaur warrior is severely wounded.
The blast of rock fragments hits the wraith!!
You destroy the wraith!
Vehumet accepts your kill.
Vehumet offers you knowledge of Magic Dart.
The centaur warrior shoots an arrow.
The arrow hits you!
* * * LOW HITPOINT WARNING * * *
The centaur warrior shoots an arrow.
The arrow hits you!
You die...

▓9▓
▓o▓
▓{▓
▓.▓
▓C▓
▓.▓
▓c▓
▓.▓
▓@▓
▓.▓
▓.▓
▓.▓
▓÷▓
▓)▓
▓÷▓
▓.▓
▓[▓


You could see a centaur warrior, a cyclops and an orc wizard.

Vanquished Creatures
  2 wyverns (D)
  A yak (D)
  A wraith (D)
  2 acid dragons (D)
  A sky beast (D)
  A black bear (D)
  A centaur (D)
  A scorpion (D)
  A shadow imp (D)
  2 bats (D)
  A bat skeleton (D)
  A hobgoblin (D)
  A quokka (D)
  A frilled lizard (D)
17 creatures vanquished.

Notes
Turn   | Place    | Note
-------+----------+-------------------------------------------
     0 | D        | mhtbhm the Gargoyle Earth Elementalist began the quest for
                  | the Orb.
     0 | D        | Reached XP level 1. HP: 10/10 MP: 3/3
     5 | D        | Reached skill level 4 in Earth Magic
    31 | D        | Reached skill level 5 in Earth Magic
   307 | D        | Noticed a scorpion
   307 | D        | Noticed a black bear
   307 | D        | Noticed a sky beast
   323 | D        | Killed a sky beast
   324 | D        | Reached skill level 8 in Earth Magic
   324 | D        | Reached XP level 2. HP: 10/16 MP: 0/7
   324 | D        | Reached XP level 3. HP: 13/20 MP: 0/8
   324 | D        | Reached XP level 4. HP: 15/24 MP: 0/10
   327 | D        | Killed a black bear
   328 | D        | Reached skill level 5 in Spellcasting
   328 | D        | Reached skill level 10 in Earth Magic
   328 | D        | Reached XP level 5. HP: 13/28 MP: 8/13
   329 | D        | Reached XP level 6. HP: 16/33 MP: 9/15
   369 | D        | Learned a level 2 spell: Passwall
   373 | D        | Learned a level 3 spell: Stone Arrow
   379 | D        | Learned a level 5 spell: Lee's Rapid Deconstruction
   384 | D        | Learned a level 4 spell: Petrify
   515 | D        | Found a snail-covered altar of Cheibriados.
   515 | D        | Found a shadowy altar of Dithmenos.
   515 | D        | Found a white marble altar of Elyvilon.
   515 | D        | Found a blossoming altar of Fedhas.
   515 | D        | Found an opulent altar of Gozag.
   516 | D        | Found a hazy altar of Hepliaklqana.
   517 | D        | Found a viscous altar of Jiyva.
   518 | D        | Found an ancient bone altar of Kikubaaqudgha.
   519 | D        | Found a corrupted altar of Lugonu.
   520 | D        | Found a burning altar of Makhleb.
   521 | D        | Found a sparkling altar of Nemelex Xobeh.
   522 | D        | Found an iron altar of Okawaru.
   523 | D        | Found a stormy altar of Qazlal.
   524 | D        | Found a sacrificial altar of Ru.
   525 | D        | Found a shimmering blue altar of Sif Muna.
   526 | D        | Found a bloodstained altar of Trog.
   527 | D        | Found a hide-covered altar of Uskayaw.
   528 | D        | Found a radiant altar of Vehumet.
   529 | D        | Found an ornate altar of the Wu Jian Council.
   530 | D        | Found a shimmering altar of Xom.
   531 | D        | Found a basalt altar of Yredelemnul.
   532 | D        | Found a glowing silver altar of Zin.
   533 | D        | Found a glowing golden altar of the Shining One.
   536 | D        | Became a worshipper of Vehumet
   582 | D        | Noticed an acid dragon
   582 | D        | Noticed an acid dragon
   582 | D        | Noticed a wyvern
   582 | D        | Noticed a wyvern
   582 | D        | Noticed a yak
   586 | D        | Killed a wyvern
   586 | D        | Killed a wyvern
   586 | D        | Killed a yak
   586 | D        | Reached * piety under Vehumet
   586 | D        | Offered knowledge of Freeze by Vehumet.
   587 | D        | Reached skill level 1 in Fighting
   587 | D        | Reached skill level 13 in Earth Magic
   587 | D        | Reached XP level 7. HP: 39/39 MP: 5/19
   592 | D        | Reached skill level 1 in Transmutations
   593 | D        | Reached skill level 5 in Stealth
   593 | D        | Reached skill level 14 in Earth Magic
   593 | D        | Reached XP level 8. HP: 29/44 MP: 1/21
   598 | D        | Reached ** piety under Vehumet
   931 | D        | Noticed a gargoyle
   931 | D        | Noticed a cyclops
   931 | D        | Noticed a wraith
   931 | D        | Noticed a centaur warrior
   935 | D        | Killed a wraith
   935 | D        | Offered knowledge of Magic Dart by Vehumet.
   935 | D        | Shot with an arrow by a centaur warrior

Illustrated notes

Levels and vault maps discovered:
D:        linesprint [early_d, line_temple, items_1, d_10, items_2, lair_1,
          lair_end, items_3, orc_1, orc_end, items_4, d_15, swamp_1, shoals_1,
          snake_1, spider_1, d_20, vaults_1, items_5, swamp_end, shoals_end,
          snake_end, spider_end, vaults_end, d_27, items_6, zot_1, zot_end,
          crypt_end, forest_end, elf_end, slime_end, tomb_end, abyss_end,
          pan_hell_end]

Skill      XL: |  1  2  3  4  5  6  7 |
---------------+----------------------+-----
Earth Magic    | 8 10 13 14 | 14.3
Dodging        | 3 4 |  4.8
Stealth        | 3 4 5 |  5.0
Spellcasting   | 4 5 6 8 9 |  9.6
Fighting       | 1 |  1.9
Transmutations | 1 |  1.0
Evocations     | |  0.4

Action                   |  1- 3 |  4- 6 |  7- 9 || total
-------------------------+-------+-------+-------++-------
 Cast: Sandblast         |    11 |     8 |     2 ||    21
       Lee's Rapid Decon |       |     2 |     4 ||     6
Evoke: Wand              |       |       |     5 ||     5
  Use: Potion            |     3 |     1 |     1 ||     5
Armor: Robe              |     9 |     4 |     1 ||    14
Dodge: Dodged            |    25 |     2 |    11 ||    38

Table legend: (Time is in decaauts)
 A = Elapsed time spent in this place.
 B = Non-inter-level travel time spent in this place.
 C = Inter-level travel time spent in this place.
 D = Time resting spent in this place.
 E = Time spent auto-exploring this place.
 F = Levels seen in this place.
 G = Mean time per level.
                   A        B        C        D        E       F      G
               +--------+--------+--------+--------+--------+-----+--------+
         Total |    914 |    914 |      0 |    599 |    138 |   1 |  914.0 |
       Dungeon |    914 |    914 |      0 |    599 |    138 |   1 |  914.0 |
               +--------+--------+--------+--------+--------+-----+--------+

Top non-repeatable levels by time:
       D: 914 daAuts
